 Dungeon Crawl Stone Soup version 0.19-a0-1365-gb34f4cb (webtiles) character file.

20 mopl the Ruffian (level 2, -1/24 HPs)
             Began as a Troll Wizard on Sept 2, 2016.
             Slain by Sigmund
             ... wielding a +0 scythe
              (9 damage)
             ... on level 2 of the Dungeon.
             The game lasted 00:01:33 (362 turns).

mopl the Ruffian (Troll Wizard)                      Turns: 362, Time: 00:01:33

Health: -1/24      AC:  0    Str: 14    XL:     2   Next: 58%
Magic:  4/4        EV: 18    Int: 14    God:
Gold:   23         SH:  0    Dex:  8    Spells: 2 memorised, 2 levels left

rFire  . . .     SeeInvis .       - Unarmed
rCold  . . .     Gourm    +     (armour currently unavailable)
rNeg   . . .     Faith    .     (shield currently unavailable)
rPois  .         Spirit   .     (helmet currently unavailable)
rElec  .         Dismiss  .     (cloak currently unavailable)
rCorr  .         Reflect  .     (gloves unavailable)
MR     .....     Harm     .     (boots unavailable)
Stlth  +.........               (amulet currently unavailable)
                                (ring currently unavailable)
                                (ring currently unavailable)

@: porcupine-form, quick
A: unfitting armour, (claws 0), fast metabolism 3, gourmand, regeneration 1,
(shaggy fur 0), (tough skin 0)
a: no special abilities


You were on level 2 of the Dungeon.
You were very full.
You were a spiny porcupine.
You visited 1 branch of the dungeon, and saw 2 of its levels.

You collected 23 gold pieces.

Inventory:

Missiles
 j - 7 poisoned needles
Armour
 a - a +0 robe (melded)
 b - a +0 hat (melded)
Jewellery
 g - an uncursed ring of fire
 h - a +3 ring of protection (melded)
Scrolls
 k - a scroll of immolation {unknown}
 l - a scroll of enchant weapon {unknown}
Potions
 e - a potion of might {unknown}
 i - a potion of flight {unknown}
Books
 c - a book of Minor Magic

   Spells                             Type                      Level
   a - Magic Dart                     Conjuration                  1
   b - Blink                          Translocation                2
   c - Call Imp                       Summoning                    2
   d - Repel Missiles                 Charms/Air                   2
   e - Slow                           Hexes                        2
   f - Conjure Flame                  Conjuration/Fire             3
   g - Mephitic Cloud                 Conjuration/Poison/Air       3
Comestibles
 d - 2 bread rations
 f - 4 chunks of flesh


   Skills:
 - Level 1.5 Dodging
 - Level 1.1 Stealth
 * Level 2.3 Unarmed Combat
 - Level 2.0 Spellcasting
 - Level 0.6 Conjurations
   Level 0.6 Summonings
 - Level 0.6 Translocations


You had 2 spell levels left.
You knew the following spells:

 Your Spells              Type           Power        Failure   Level  Hunger
a - Magic Dart            Conj           #...         21%         1    ##.....
e - Blink                 Tloc           N/A          30%         2    ###....


Dungeon Overview and Level Annotations

Branches:
Dungeon (2/15)

Altars:

Annotations:
D:2 Sigmund


Innate Abilities, Weirdness & Mutations

You are too large for most types of armour.
((You have claws for hands.))
Your metabolism is lightning-fast.
You like to eat raw meat.
Your natural rate of healing is unusually fast.
((You are covered in fur. (AC +1)))
((You have very tough skin. (AC +2)))


Message History

Your transformation is almost over.
Your transformation has ended.
Your +0 hat unmelds from your body.
Your +0 robe unmelds from your body.
Your +3 ring of protection unmelds from your body.
There is a stone staircase leading down here.
You climb downwards.
Level annotation: Sigmund Sigmund points at you and mumbles some strange words.
The magic dart hits you!
Sigmund zaps a wand.
You turn into a spiny porcupine.
Your +0 hat melds into your body.
Your +0 robe melds into your body.
Your +3 ring of protection melds into your body.
There is a stone staircase leading up here.
Sigmund points at you and mumbles some strange words.
The puff of flame hits you! Sigmund is struck by your spines.
Sigmund hits you with a scythe.
* * * LOW HITPOINT WARNING * * *
You barely miss Sigmund.
Sigmund is moderately wounded.
Sigmund hits you with a scythe!
You die...

############
#<..r.......
#.####.@.######
#..............
######...######
#...# #...#
#...# #...#
....#


You could see Sigmund.

Vanquished Creatures
  2 dart slugs (D:1)
  A giant gecko (D:1)
  A ball python (D:1)
  2 bats (D:1)
  A goblin (D:1)
  3 hobgoblins (D:1)
  A giant newt (D:1)
  A kobold (D:1)
  3 rats (D:1)
15 creatures vanquished.

Notes
Turn   | Place    | Note
-------+----------+-------------------------------------------
     0 | D:1      | mopl the Troll Wizard began the quest for the Orb.
     0 | D:1      | Reached XP level 1. HP: 16/16 MP: 2/2
    43 | D:1      | Reached skill level 1 in Unarmed Combat
   151 | D:1      | Reached XP level 2. HP: 24/24 MP: 4/4
   161 | D:1      | Learned a level 2 spell: Blink
   183 | D:1      | Reached skill level 2 in Unarmed Combat
   292 | D:2      | Noticed Sigmund
   362 | D:2      | Slain by Sigmund

Vault maps used:
D:1:      minmay_arrival_loop, minmay_misc_feat_roman
D:2:      nicolae_tso_carved_into_rock, uniq_sigmund, uniq_crazy_yiuf_cottage

Skill      XL: |  1  2 |
---------------+-------+-----
Unarmed Combat | 1 2 |  2.3
Dodging        | |  1.5
Stealth        | |  1.1
Spellcasting   | |  2.0
Conjurations   | |  0.6
Summonings     | |  0.6
Translocations | |  0.6

Action                   || total
-------------------------++-------
Melee: Unarmed           ||    58
       Punch             ||     1
 Stab: Sleeping          ||     1
  Eat: Chunk             ||     8
Armor: Robe              ||    33
Dodge: Dodged            ||    25
